TOP OF THE 1ST |
Round Rock Express batting - Pitching for Charlotte Knights : LHP Isaias Felix
|
Pitching: LHP Isaias Felix
|
|
Batting: RHB Stephen Charbonneau
|
0-0: Called Strike 0-1: Bunt missed! 0-2: Strikes out swinging
|
Batting: RHB Andy Wasierski
|
0-0: Foul Ball, location: 2F 0-1: Ball 1-1: Ball 2-1: Ball 3-1: Base on Balls
|
Batting: SHB David Simpson
|
0-0: Called Strike 0-1: Foul Ball, location: 2F 0-2: DOUBLE (Flyball, 8RXD, EV 104.4 MPH) Andy Wasierski to third
|
Batting: RHB Casey Semenza
|
0-0: Foul Ball, location: 2F 0-1: Foul Ball, location: 2F 0-2: Foul Ball, location: 2F 0-2: Ball 1-2: Strikes out swinging
|
Batting: RHB Bobby Keithley
|
0-0: Called Strike 0-1: Ground out 6-3 (Groundball, 6, EV 85.0 MPH)
|
Top of the 1st over - 0 runs, 1 hit, 0 errors, 2 left on base; Round Rock 0 - Charlotte 0 |
BOTTOM OF THE 1ST |
Charlotte Knights batting - Pitching for Round Rock Express : LHP Alfonso Guillen
|
Pitching: LHP Alfonso Guillen
|
|
Batting: RHB Jeremy Hoffert
|
0-0: Ball 1-0: Fly out, F7 (Line Drive, 78M, EV 105.6 MPH)
|
Batting: LHB Carlos Ramirez
|
0-0: Called Strike 0-1: Reached on error, E6 (Groundball, 6, EV 85.6 MPH)
|
Batting: RHB Jon Solano
|
0-0: Called Strike 0-1: Called Strike 0-2: Foul Ball, location: 2F 0-2: Ball 1-2: Fly out, F7 (Line Drive, 7, EV 90.6 MPH)
|
Batting: RHB Jason Moss
|
0-0: Swinging Strike 0-1: Ball 1-1: Ball 2-1: Foul Ball, location: 2F 2-2: Strikes out swinging
|
Bottom of the 1st over - 0 runs, 0 hits, 1 error, 1 left on base; Round Rock 0 - Charlotte 0 |
TOP OF THE 2ND |
Round Rock Express batting - Pitching for Charlotte Knights : LHP Isaias Felix
|
Batting: RHB Adryão Anto
|
0-0: Ball 1-0: Ball 2-0: Foul Ball, location: 2F 2-1: Foul Ball, location: 2F 2-2: Ball 3-2: Foul Ball, location: 2F 3-2: Foul Ball, location: 2F 3-2: Strikes out swinging
|
Batting: RHB Chris Powell
|
0-0: Ball 1-0: Ball 2-0: Ground out 6-3 (Groundball, 6M, EV 90.6 MPH)
|
Batting: LHB Alejandro Soriano
|
0-0: Called Strike 0-1: Swinging Strike 0-2: Strikes out swinging
|
Top of the 2nd over - 0 runs, 0 hits, 0 errors, 0 left on base; Round Rock 0 - Charlotte 0 |
BOTTOM OF THE 2ND |
Charlotte Knights batting - Pitching for Round Rock Express : LHP Alfonso Guillen
|
Batting: LHB Hirakito Herring
|
0-0: Called Strike 0-1: Ball 1-1: Ball 2-1: Foul Ball, location: 2F 2-2: SINGLE (Groundball, 6MD, EV 105.6 MPH)
|
Batting: RHB Nick Kleckner
|
0-0: Fly out, F7 (Flyball, 78S, EV 90.6 MPH)
|
Batting: RHB Vic Lucatero
|
0-0: Ball 1-0: Swinging Strike 1-1: Foul Ball, location: 2F 1-2: Foul Ball, location: 2F 1-2: Ball 2-2: Fly out, F8 (Line Drive, 78M, EV 94.4 MPH)
|
Batting: RHB Jose Medina
|
0-0: Ball 1-0: Called Strike 1-1: Swinging Strike 1-2: Strikes out swinging
|
Bottom of the 2nd over - 0 runs, 1 hit, 0 errors, 1 left on base; Round Rock 0 - Charlotte 0 |
TOP OF THE 3RD |
Round Rock Express batting - Pitching for Charlotte Knights : LHP Isaias Felix
|
Batting: RHB Ivan Colon
|
0-0: Called Strike 0-1: Foul Ball, location: 2F 0-2: Ball 1-2: Strikes out swinging
|
Batting: RHB Stephen Charbonneau
|
0-0: Called Strike 0-1: Ball 1-1: Called Strike 1-2: Strikes out swinging
|
Batting: RHB Andy Wasierski
|
0-0: Ball 1-0: Foul Ball, location: 2F 1-1: Foul Ball, location: 2F 1-2: Ground out 4-3 (Groundball, 4, EV 101.9 MPH)
|
Top of the 3rd over - 0 runs, 0 hits, 0 errors, 0 left on base; Round Rock 0 - Charlotte 0 |
BOTTOM OF THE 3RD |
Charlotte Knights batting - Pitching for Round Rock Express : LHP Alfonso Guillen
|
Batting: RHB Steve Waltenbery
|
0-0: Fly out, F8 (Flyball, 8LXD, EV 100.0 MPH)
|
Batting: RHB Jeremy Hoffert
|
0-0: Ball 1-0: Ball 2-0: SINGLE (Line Drive, 8RS, EV 105.6 MPH)
|
Batting: LHB Carlos Ramirez
|
0-0: Ball 1-0: Ball Jeremy Hoffert steals 2nd base 2-0: 2-RUN HOME RUN (Flyball, 7D, EV 101.9 MPH), Distance : 382 ft
|
Batting: RHB Jon Solano
|
0-0: Swinging Strike 0-1: Ball 1-1: Swinging Strike 1-2: Ball 2-2: Strikes out swinging
|
Batting: RHB Jason Moss
|
0-0: Ball 1-0: Foul Ball, location: 2F 1-1: Called Strike 1-2: Foul Ball, location: 2F 1-2: Foul Ball, location: 2F 1-2: Fly out, F5 (Line Drive, 5L, EV 70.6 MPH)
|
Bottom of the 3rd over - 2 runs, 2 hits, 0 errors, 0 left on base; Round Rock 0 - Charlotte 2 |
TOP OF THE 4TH |
Round Rock Express batting - Pitching for Charlotte Knights : LHP Isaias Felix
|
Batting: SHB David Simpson
|
0-0: Ball 1-0: Ball 2-0: Foul Ball, location: 2F 2-1: Ground out 4-3 (Groundball, 4D, EV 86.9 MPH)
|
Batting: RHB Casey Semenza
|
0-0: Ball 1-0: Ball 2-0: Ball 3-0: Base on Balls
|
Batting: RHB Bobby Keithley
|
0-0: Ball 1-0: Called Strike 1-1: Ball 2-1: SINGLE (Line Drive, 9LS, EV 110.6 MPH) Casey Semenza to second
|
Batting: RHB Adryão Anto
|
0-0: Called Strike 0-1: Foul Ball, location: 2F 0-2: Fly out, F9 (Flyball, 9LS, EV 92.5 MPH)
|
Batting: RHB Chris Powell
|
0-0: Ball 1-0: Ball 2-0: Called Strike 2-1: Fielders Choice at 2nd, 6-4 (Groundball, 6, EV 85.6 MPH)
|
Top of the 4th over - 0 runs, 1 hit, 0 errors, 2 left on base; Round Rock 0 - Charlotte 2 |
BOTTOM OF THE 4TH |
Charlotte Knights batting - Pitching for Round Rock Express : LHP Alfonso Guillen
|
Batting: LHB Hirakito Herring
|
0-0: Ground out 6-3 (Groundball, 6MD, EV 85.0 MPH)
|
Batting: RHB Nick Kleckner
|
0-0: Ball 1-0: Called Strike 1-1: Called Strike 1-2: Foul Ball, location: 2F 1-2: Strikes out swinging
|
Batting: RHB Vic Lucatero
|
0-0: Called Strike 0-1: Ball 1-1: Fly out, F8 (Line Drive, 8RM, EV 98.1 MPH)
|
Bottom of the 4th over - 0 runs, 0 hits, 0 errors, 0 left on base; Round Rock 0 - Charlotte 2 |
TOP OF THE 5TH |
Round Rock Express batting - Pitching for Charlotte Knights : LHP Isaias Felix
|
Batting: LHB Alejandro Soriano
|
0-0: Foul Ball, location: 2F 0-1: Swinging Strike 0-2: Strikes out swinging
|
Batting: RHB Ivan Colon
|
0-0: Called Strike 0-1: Called Strike 0-2: Ball 1-2: Foul Ball, location: 2F 1-2: Foul Ball, location: 2F 1-2: DOUBLE (Flyball, 8RXD, EV 101.2 MPH)
|
Batting: RHB Stephen Charbonneau
|
0-0: SINGLE (Line Drive, 5D, EV 98.1 MPH) Ivan Colon to third
|
Batting: RHB Andy Wasierski
|
0-0: Ball 1-0: Ball 2-0: Ball 3-0: Called Strike 3-1: Swinging Strike 3-2: Fly out, F8 (Line Drive, 8LS, EV 88.8 MPH) Runner from 3rd tags up, OUT at HOME! 8-2
|
Top of the 5th over - 0 runs, 2 hits, 0 errors, 1 left on base; Round Rock 0 - Charlotte 2 |
BOTTOM OF THE 5TH |
Charlotte Knights batting - Pitching for Round Rock Express : LHP Alfonso Guillen
|
Batting: RHB Jose Medina
|
0-0: Ball 1-0: Ball 2-0: Ball 3-0: Base on Balls
|
Batting: RHB Steve Waltenbery
|
0-0: Ball 1-0: Ball 2-0: Called Strike Jose Medina steals 2nd base 2-1: Called Strike 2-2: Foul Ball, location: 2F 2-2: Strikes out swinging
|
Batting: RHB Jeremy Hoffert
|
0-0: Ball 1-0: Swinging Strike 1-1: Fly out, F8 (Flyball, 8LD, EV 96.9 MPH)
|
Batting: LHB Carlos Ramirez
|
0-0: Called Strike 0-1: Ground out 4-3 (Groundball, 4, EV 101.2 MPH)
|
Bottom of the 5th over - 0 runs, 0 hits, 0 errors, 1 left on base; Round Rock 0 - Charlotte 2 |
TOP OF THE 6TH |
Round Rock Express batting - Pitching for Charlotte Knights : LHP Isaias Felix
|
Batting: SHB David Simpson
|
0-0: Foul Ball, location: 2F 0-1: Swinging Strike 0-2: Ball 1-2: Ball 2-2: Foul Ball, location: 2F 2-2: SINGLE (Groundball, 6S, EV 72.5 MPH) (infield hit)
|
Batting: RHB Casey Semenza
|
0-0: Ball 1-0: Ball 2-0: Foul Ball, location: 2F 2-1: Foul Ball, location: 2F 2-2: Ball 3-2: Grounds into double play, 6-4-3 (Groundball, 6, EV 76.9 MPH)
|
Batting: RHB Bobby Keithley
|
0-0: Ball 1-0: Ball 2-0: Called Strike 2-1: Ball 3-1: Foul Ball, location: 2F 3-2: Fly out, F9 (Flyball, 9, EV 86.2 MPH)
|
Top of the 6th over - 0 runs, 1 hit, 0 errors, 0 left on base; Round Rock 0 - Charlotte 2 |
BOTTOM OF THE 6TH |
Charlotte Knights batting - Pitching for Round Rock Express : LHP Alfonso Guillen
|
Batting: RHB Jon Solano
|
0-0: SOLO HOME RUN (Flyball, 9LD, EV 93.8 MPH), Distance : 335 ft
|
Batting: RHB Jason Moss
|
0-0: Ball 1-0: Foul Ball, location: 2F 1-1: DOUBLE (Line Drive, 89M, EV 99.4 MPH)
|
Batting: LHB Hirakito Herring
|
0-0: Ball 1-0: Ball 2-0: Foul Ball, location: 2F 2-1: SINGLE (Groundball, 3S, EV 71.2 MPH) (infield hit) Jason Moss to third
|
Batting: RHB Nick Kleckner
|
0-0: Swinging Strike 0-1: Called Strike 0-2: Ball 1-2: Strikes out swinging
|
Batting: RHB Vic Lucatero
|
0-0: Called Strike 0-1: Ball 1-1: Called Strike Hirakito Herring steals 2nd base 1-2: Ground out 6-3 (Groundball, 6, EV 78.8 MPH)
|
Batting: RHB Jose Medina
|
0-0: Ball 1-0: SINGLE (Line Drive, 6D, EV 99.4 MPH) Jason Moss scores Hirakito Herring to third
|
Batting: RHB Steve Waltenbery
|
0-0: Ball 1-0: Foul Ball, location: 2F 1-1: Fly out, F3 (Line Drive, 3, EV 70.6 MPH)
|
Bottom of the 6th over - 2 runs, 4 hits, 0 errors, 2 left on base; Round Rock 0 - Charlotte 4 |
TOP OF THE 7TH |
Round Rock Express batting - Pitching for Charlotte Knights : LHP Isaias Felix
|
Batting: RHB Adryão Anto
|
0-0: Ball 1-0: Ball 2-0: Swinging Strike 2-1: Ball 3-1: Base on Balls
|
Batting: RHB Chris Powell
|
0-0: Foul Ball, location: 2F 0-1: Ball 1-1: Grounds into double play, 4-6-3 (Groundball, 4S, EV 85.0 MPH)
|
Batting: LHB Alejandro Soriano
|
0-0: Called Strike 0-1: Foul Ball, location: 2F 0-2: Ball 1-2: Ball 2-2: Ground out 4-3 (Groundball, 4, EV 107.5 MPH)
|
Top of the 7th over - 0 runs, 0 hits, 0 errors, 0 left on base; Round Rock 0 - Charlotte 4 |
BOTTOM OF THE 7TH |
Charlotte Knights batting - Pitching for Round Rock Express : LHP Alfonso Guillen
|
Batting: RHB Jeremy Hoffert
|
0-0: Called Strike 0-1: Ball 1-1: Called Strike 1-2: Ground out 5-3 (Groundball, 56S, EV 88.8 MPH)
|
Batting: LHB Carlos Ramirez
|
0-0: Called Strike 0-1: Foul Ball, location: 2F 0-2: SOLO HOME RUN (Flyball, 89XD, EV 100.0 MPH), Distance : 395 ft
|
Pitching: RHP Larry Bower
|
|
Batting: RHB Jon Solano
|
0-0: Called Strike 0-1: Swinging Strike 0-2: Strikes out looking
|
Batting: RHB Jason Moss
|
0-0: Called Strike 0-1: Foul Ball, location: 2F 0-2: Ball 1-2: Ground out U3 (Groundball, 34, EV 79.4 MPH)
|
Bottom of the 7th over - 1 run, 1 hit, 0 errors, 0 left on base; Round Rock 0 - Charlotte 5 |
TOP OF THE 8TH |
Round Rock Express batting - Pitching for Charlotte Knights : LHP Isaias Felix
|
Pitching: RHP Jerry JimAnez
|
|
Batting: RHB Ivan Colon
|
0-0: Fly out, F8 (Flyball, 8LM, EV 82.5 MPH)
|
Batting: RHB Stephen Charbonneau
|
0-0: Ball 1-0: Ball 2-0: Called Strike 2-1: Foul Ball, location: 2F 2-2: Foul Ball, location: 2F 2-2: Strikes out swinging
|
Batting: RHB Andy Wasierski
|
0-0: Foul Ball, location: 2F 0-1: Ball 1-1: Ground out 3-1 (Groundball, 34, EV 80.6 MPH)
|
Top of the 8th over - 0 runs, 0 hits, 0 errors, 0 left on base; Round Rock 0 - Charlotte 5 |
BOTTOM OF THE 8TH |
Charlotte Knights batting - Pitching for Round Rock Express : RHP Larry Bower
|
Batting: LHB Hirakito Herring
|
0-0: Foul Ball, location: 2F 0-1: Foul Ball, location: 2F 0-2: Strikes out swinging
|
Batting: RHB Nick Kleckner
|
0-0: Ball 1-0: Foul Ball, location: 2F 1-1: Ball 2-1: Ball 3-1: Foul Ball, location: 2F 3-2: Fly out, F9 (Flyball, 9, EV 91.9 MPH)
|
Batting: RHB Vic Lucatero
|
0-0: Called Strike 0-1: Swinging Strike 0-2: Ball 1-2: Foul Ball, location: 2F 1-2: Strikes out swinging
|
Bottom of the 8th over - 0 runs, 0 hits, 0 errors, 0 left on base; Round Rock 0 - Charlotte 5 |
TOP OF THE 9TH |
Round Rock Express batting - Pitching for Charlotte Knights : RHP Jerry JimAnez
|
Batting: SHB David Simpson
|
0-0: Called Strike 0-1: Ball 1-1: Swinging Strike 1-2: Ball 2-2: Ground out 4-3 (Groundball, 4, EV 85.6 MPH)
|
Batting: RHB Casey Semenza
|
0-0: Ball 1-0: Ball 2-0: Ball 3-0: Called Strike 3-1: Foul Ball, location: 2F 3-2: Strikes out swinging
|
Batting: RHB Bobby Keithley
|
0-0: Ball 1-0: Ball 2-0: DOUBLE (Flyball, 89D, EV 104.4 MPH)
|
Batting: RHB Adryão Anto
|
0-0: Called Strike 0-1: SINGLE (Line Drive, 34D, EV 106.9 MPH) Bobby Keithley to third
|
Batting: RHB Chris Powell
|
0-0: Called Strike 0-1: Ball 1-1: Swinging Strike 1-2: Foul Ball, location: 2F 1-2: Strikes out swinging
|
Top of the 9th over - 0 runs, 2 hits, 0 errors, 2 left on base; Round Rock 0 - Charlotte 5 |
|